SAA
MYRTLE BEACH MERMEN @ WESTWOOD SIXSHOOTERS
05/12/2028
 
TOP OF THE 1ST
Myrtle Beach Mermen batting - Pitching for Westwood Sixshooters : RHP Nicholas Adams
Pitching: RHP Nicholas Adams
Batting: RHB Sixto Estrada 0-0: Ball
1-0: Ball
2-0: Swinging Strike
2-1: Ball
3-1: SOLO HOME RUN (Flyball, 89XD), Distance : 413 ft
Batting: RHB Jorge Reyes 0-0: Ball
1-0: SINGLE (Groundball, 34D)
Batting: LHB Juan Villanueva 0-0: Ball
1-0: Called Strike
1-1: Ball
2-1: SINGLE (Line Drive, 78S)
Jorge Reyes to second
Batting: LHB Alexis Raimbault 0-0: Called Strike
0-1: Ball
1-1: Foul Ball, location: 2F
1-2: Ball
2-2: Foul Ball, location: 2F
2-2: Foul Ball, location: 2F
2-2: Ball
3-2: Base on Balls
Jorge Reyes to third
Juan Villanueva to second
Batting: LHB Philip Strickland 0-0: Ball
1-0: Swinging Strike
1-1: Ball
2-1: Ball
3-1: Base on Balls
Jorge Reyes scores
Juan Villanueva to third
Alexis Raimbault to second
Batting: RHB Fernando Martínez 0-0: Ball
1-0: Called Strike
1-1: Fly out, F8 (Flyball, 78XD)
Runner from 3rd tags up, SCORES, no throw
Alexis Raimbault to third
Batting: RHB Sal Haynes 0-0: Foul Ball, location: 2F
0-1: Ball
1-1: Ball
2-1: Foul Ball, location: 2F
2-2: Strikes out swinging
Batting: RHB Jimmy Dawson 0-0: Called Strike
0-1: Ball
1-1: Ball
2-1: SINGLE (Line Drive, 56D)
Alexis Raimbault scores
Philip Strickland to second
Batting: RHB Jim Unknown 0-0: Ball
1-0: Called Strike
1-1: Ball
2-1: Ball
3-1: Fly out, F8 (Flyball, 78M)
Top of the 1st over - 4 run(s), 4 hit(s), 0 error(s), 2 left on base; Myrtle Beach 4 - Westwood 0
BOTTOM OF THE 1ST
Westwood Sixshooters batting - Pitching for Myrtle Beach Mermen : RHP Tom McKee
Pitching: RHP Tom McKee
Batting: LHB António Quintero 0-0: Foul Ball, location: 2F
0-1: Called Strike
0-2: Strikes out swinging
Batting: LHB Juan Romero 0-0: Called Strike
0-1: Foul Ball, location: 2F
0-2: Ball
1-2: Strikes out swinging
Batting: RHB Steve Bock 0-0: Called Strike
0-1: Ball
1-1: Fly out, F7 (Flyball, 7S)
Bottom of the 1st over - 0 run(s), 0 hit(s), 0 error(s), 0 left on base; Myrtle Beach 4 - Westwood 0
TOP OF THE 2ND
Myrtle Beach Mermen batting - Pitching for Westwood Sixshooters : RHP Nicholas Adams
Batting: RHB Sixto Estrada 0-0: Ball
1-0: Called Strike
1-1: SINGLE (Flyball, 8RS)
Batting: RHB Jorge Reyes 0-0: Ball
1-0: Ball
2-0: Swinging Strike
2-1: Ball
3-1: Foul Ball, location: 2F
3-2: Foul Ball, location: 2F
3-2: Strikes out swinging
Batting: LHB Juan Villanueva 0-0: Called Strike
Sixto Estrada steals 2nd base
0-1: Ball
1-1: Ground out U3 (Groundball, 3)
Sixto Estrada to third
Batting: LHB Alexis Raimbault 0-0: SINGLE (Groundball, 4MD)
Sixto Estrada scores
Batting: LHB Philip Strickland 0-0: Foul Ball, location: 2F
0-1: Foul Ball, location: 2F
0-2: Ball
1-2: Fielders Choice at 2nd, 4-6 (Groundball, 34)
Top of the 2nd over - 1 run(s), 2 hit(s), 0 error(s), 0 left on base; Myrtle Beach 5 - Westwood 0
BOTTOM OF THE 2ND
Westwood Sixshooters batting - Pitching for Myrtle Beach Mermen : RHP Tom McKee
Batting: LHB Mitchell Cusimano 0-0: Called Strike
0-1: Ground out 5-3 (Groundball, 5L)
Batting: RHB Chris Corella 0-0: Ball
1-0: Ball
2-0: Ground out 5-3 (Groundball, 5L)
Batting: RHB Alonso Zamora 0-0: Called Strike
0-1: Foul Ball, location: 2F
0-2: Ball
1-2: Strikes out looking
Bottom of the 2nd over - 0 run(s), 0 hit(s), 0 error(s), 0 left on base; Myrtle Beach 5 - Westwood 0
TOP OF THE 3RD
Myrtle Beach Mermen batting - Pitching for Westwood Sixshooters : RHP Nicholas Adams
Batting: RHB Fernando Martínez 0-0: Foul Ball, location: 2F
0-1: Ball
1-1: Ball
2-1: Called Strike
2-2: Ball
3-2: Ground out 6-3 (Groundball, 6)
Batting: RHB Sal Haynes 0-0: Called Strike
0-1: SINGLE (Groundball, 4D)
Batting: RHB Jimmy Dawson 0-0: Called Strike
0-1: Ball
1-1: Ball
2-1: Swinging Strike
2-2: SINGLE (Groundball, 6MD)
Sal Haynes to second
Runner from 2nd tries for 3rd, SAFE, throw made to third
Jimmy Dawson to second
Batting: RHB Jim Unknown 0-0: Called Strike
0-1: Ball
1-1: Ball
2-1: Ball
3-1: Base on Balls
Batting: RHB Sixto Estrada 0-0: Called Strike
0-1: Foul Ball, location: 2F
0-2: SINGLE (Flyball, 9S)
Sal Haynes scores
Jimmy Dawson to third
Jim Unknown to second
Runner from 3rd tries for Home, SAFE, throw made home
Jim Unknown to third
Sixto Estrada to second
Pitching: RHP Esteban García
Batting: RHB Jorge Reyes 0-0: Ball
1-0: Ball
2-0: Foul Ball, location: 2F
2-1: SINGLE (Line Drive, 8RS)
Jim Unknown scores
Sixto Estrada to third
Runner from 3rd tries for Home, SAFE, no throw
Batting: LHB Juan Villanueva 0-0: Swinging Strike
0-1: Called Strike
Jorge Reyes steals 2nd base
0-2: Strikes out swinging
Batting: LHB Alexis Raimbault 0-0: Foul Ball, location: 2F
0-1: Ball
1-1: Ball
2-1: Fly out, F7 (Line Drive, 7)
Top of the 3rd over - 4 run(s), 4 hit(s), 0 error(s), 1 left on base; Myrtle Beach 9 - Westwood 0
BOTTOM OF THE 3RD
Westwood Sixshooters batting - Pitching for Myrtle Beach Mermen : RHP Tom McKee
Batting: SHB Manny Flores 0-0: Fly out, F7 (Flyball, 7S)
Batting: RHB Alberto Lastaneda 0-0: SINGLE (Line Drive, 56)
Batting: LHB José Martínez 0-0: Ball
Wild Pitch!
Alberto Lastaneda to second
1-0: Called Strike
1-1: Foul Ball, location: 2F
1-2: Ball
2-2: Strikes out looking
Batting: LHB António Quintero 0-0: Ground out 4-3 (Groundball, 4)
Bottom of the 3rd over - 0 run(s), 1 hit(s), 0 error(s), 1 left on base; Myrtle Beach 9 - Westwood 0
TOP OF THE 4TH
Myrtle Beach Mermen batting - Pitching for Westwood Sixshooters : RHP Esteban García
Batting: LHB Philip Strickland 0-0: Foul Ball, location: 2F
0-1: Foul Ball, location: 2F
0-2: SINGLE (Line Drive, 34D)
Batting: RHB Fernando Martínez 0-0: Ball
1-0: Foul Ball, location: 2F
1-1: Foul Ball, location: 2F
1-2: Ball
2-2: Foul Ball, location: 2F
2-2: Foul Ball, location: 2F
2-2: Fly out, F8 (Flyball, 8RM)
Batting: RHB Sal Haynes 0-0: Fly out, F8 (Flyball, 78M)
Batting: RHB Jimmy Dawson 0-0: Fielders Choice at 2nd, 6-4 (Groundball, 6)
Top of the 4th over - 0 run(s), 1 hit(s), 0 error(s), 0 left on base; Myrtle Beach 9 - Westwood 0
BOTTOM OF THE 4TH
Westwood Sixshooters batting - Pitching for Myrtle Beach Mermen : RHP Tom McKee
Batting: LHB Juan Romero 0-0: Swinging Strike
0-1: Ball
1-1: Called Strike
1-2: Strikes out looking
Batting: RHB Steve Bock 0-0: Fly out, F8 (Flyball, 8LS)
Batting: LHB Mitchell Cusimano 0-0: Called Strike
0-1: Ball
1-1: Foul Ball, location: 2F
1-2: Ball
2-2: SINGLE (Groundball, 34D)
Batting: RHB Chris Corella 0-0: Fly out, F8 (Line Drive, 8LM)
Bottom of the 4th over - 0 run(s), 1 hit(s), 0 error(s), 1 left on base; Myrtle Beach 9 - Westwood 0
TOP OF THE 5TH
Myrtle Beach Mermen batting - Pitching for Westwood Sixshooters : RHP Esteban García
Batting: RHB Jim Unknown 0-0: Foul Ball, location: 2F
0-1: Foul Ball, location: 2F
0-2: Ball
1-2: Ball
2-2: Strikes out swinging
Batting: RHB Sixto Estrada 0-0: Ball
1-0: Called Strike
1-1: Ball
2-1: Fly out, F8 (Line Drive, 8RM)
Batting: RHB Jorge Reyes 0-0: Ball
1-0: Ball
2-0: Called Strike
2-1: Ball
3-1: DOUBLE (Groundball, 5L)
Batting: LHB Juan Villanueva 0-0: DOUBLE (Flyball, 89M)
Jorge Reyes scores
Batting: LHB Alexis Raimbault 0-0: Called Strike
0-1: Ball
1-1: SINGLE (Groundball, P) (infield hit)
Juan Villanueva to third
Batting: LHB Philip Strickland 0-0: Ball
1-0: Called Strike
1-1: Ball
2-1: Foul Ball, location: 2F
2-2: Fly out, F9 (Flyball, 9S)
Top of the 5th over - 1 run(s), 3 hit(s), 0 error(s), 2 left on base; Myrtle Beach 10 - Westwood 0
BOTTOM OF THE 5TH
Westwood Sixshooters batting - Pitching for Myrtle Beach Mermen : RHP Tom McKee
Batting: RHB Alonso Zamora 0-0: Ball
1-0: Ball
2-0: Ball
3-0: Called Strike
3-1: Called Strike
3-2: Foul Ball, location: 2F
3-2: Fly out, F9 (Flyball, 9LSF)
Batting: SHB Manny Flores 0-0: Fly out, F8 (Flyball, 8LXD)
Batting: RHB Alberto Lastaneda 0-0: Ball
1-0: Swinging Strike
1-1: Ground out 6-3 (Groundball, 6)
Bottom of the 5th over - 0 run(s), 0 hit(s), 0 error(s), 0 left on base; Myrtle Beach 10 - Westwood 0
TOP OF THE 6TH
Myrtle Beach Mermen batting - Pitching for Westwood Sixshooters : RHP Esteban García
Batting: RHB Fernando Martínez 0-0: Ball
1-0: Ball
2-0: Ball
3-0: Called Strike
3-1: Base on Balls
Pitching: RHP Raúl Colón
Batting: RHB Sal Haynes 0-0: Ball
1-0: Called Strike
1-1: Swinging Strike
1-2: Strikes out swinging
Batting: RHB Jimmy Dawson 0-0: Called Strike
0-1: Called Strike
0-2: Fly out, F5 (Popup, 56)
Batting: RHB Jim Unknown 0-0: SINGLE (Flyball, 8LS)
Fernando Martínez to second
Runner from 2nd tries for 3rd, SAFE, throw made to third
Batting: RHB Sixto Estrada 0-0: Called Strike
0-1: Ground out 6-3 (Groundball, 6S)
Top of the 6th over - 0 run(s), 1 hit(s), 0 error(s), 2 left on base; Myrtle Beach 10 - Westwood 0
BOTTOM OF THE 6TH
Westwood Sixshooters batting - Pitching for Myrtle Beach Mermen : RHP Tom McKee
Batting: LHB José Martínez 0-0: Ball
1-0: Ball
2-0: Ball
3-0: Base on Balls
Batting: LHB António Quintero 0-0: Called Strike
0-1: Ball
1-1: Ball
2-1: Fielders Choice at 2nd, 4-6 (Groundball, 4)
Batting: LHB Juan Romero 0-0: Called Strike
António Quintero steals 2nd base
0-1: Ball
1-1: Foul Ball, location: 2F
1-2: Ball
2-2: Foul Ball, location: 2F
2-2: Foul Ball, location: 2F
2-2: Fly out, F9 (Flyball, 9LS)
Batting: RHB Steve Bock 0-0: Ball
1-0: Fly out, F8 (Flyball, 8RM)
Bottom of the 6th over - 0 run(s), 0 hit(s), 0 error(s), 1 left on base; Myrtle Beach 10 - Westwood 0
TOP OF THE 7TH
Myrtle Beach Mermen batting - Pitching for Westwood Sixshooters : RHP Raúl Colón
Batting: RHB Jorge Reyes 0-0: Ball
1-0: DOUBLE (Flyball, 89M)
Batting: LHB Juan Villanueva 0-0: Called Strike
0-1: Ball
1-1: Swinging Strike
1-2: Strikes out swinging
Batting: LHB Alexis Raimbault 0-0: Ball
1-0: SINGLE (Line Drive, 34D)
Jorge Reyes to third
Batting: LHB Philip Strickland 0-0: Called Strike
Alexis Raimbault steals 2nd base
0-1: Foul Ball, location: 2F
0-2: Ball
1-2: Ball
2-2: Fly out, F4 (Popup, 4MD)
Batting: RHB Fernando Martínez 0-0: Called Strike
0-1: Ball
1-1: Ball
2-1: Ball
3-1: SINGLE (Line Drive, 9S)
Jorge Reyes scores
Alexis Raimbault to third
Runner from 3rd tries for Home, SAFE, no throw
Batting: RHB Sal Haynes 0-0: Called Strike
0-1: Foul Ball, location: 2F
0-2: Ball
1-2: SINGLE (Groundball, 56D)
Fernando Martínez to second
Batting: RHB Jimmy Dawson 0-0: Called Strike
0-1: Fly out, F7 (Flyball, 7)
Top of the 7th over - 2 run(s), 4 hit(s), 0 error(s), 2 left on base; Myrtle Beach 12 - Westwood 0
BOTTOM OF THE 7TH
Westwood Sixshooters batting - Pitching for Myrtle Beach Mermen : RHP Tom McKee
Batting: LHB Mitchell Cusimano 0-0: Fly out, F7 (Flyball, 7)
Batting: RHB Chris Corella 0-0: Ball
1-0: Fly out, F9 (Flyball, 89M)
Batting: RHB Alonso Zamora 0-0: Called Strike
0-1: Called Strike
0-2: Foul Ball, location: 2F
0-2: Ball
1-2: Foul Ball, location: 2F
1-2: Ball
2-2: Foul Ball, location: 2F
2-2: Ball
3-2: Ground out 6-3 (Groundball, 6)
Bottom of the 7th over - 0 run(s), 0 hit(s), 0 error(s), 0 left on base; Myrtle Beach 12 - Westwood 0
TOP OF THE 8TH
Myrtle Beach Mermen batting - Pitching for Westwood Sixshooters : RHP Raúl Colón
Batting: RHB Jim Unknown 0-0: Called Strike
0-1: Ball
1-1: Called Strike
1-2: Ball
2-2: Strikes out swinging
Batting: RHB Sixto Estrada 0-0: Ball
1-0: Called Strike
1-1: Ground out 6-3 (Groundball, 6)
Batting: RHB Jorge Reyes 0-0: Ball
1-0: Foul Ball, location: 2F
1-1: Ball
2-1: Swinging Strike
2-2: SINGLE (Line Drive, 78M)
Batting: LHB Juan Villanueva 0-0: Ball
Wild Pitch!
Jorge Reyes to second
1-0: Ball
2-0: Ball
3-0: Called Strike
3-1: Base on Balls
Batting: LHB Alexis Raimbault 0-0: Called Strike
0-1: Ball
1-1: Foul Ball, location: 2F
1-2: SINGLE (Groundball, 2L) (infield hit)
Jorge Reyes to third
Juan Villanueva to second
Batting: LHB Philip Strickland 0-0: Ball
1-0: Called Strike
1-1: Fielders Choice at 2nd, 4-6 (Groundball, 4)
Top of the 8th over - 0 run(s), 2 hit(s), 0 error(s), 2 left on base; Myrtle Beach 12 - Westwood 0
BOTTOM OF THE 8TH
Westwood Sixshooters batting - Pitching for Myrtle Beach Mermen : RHP Tom McKee
Now in RF: Maikel Cobblepot
Batting: SHB Manny Flores 0-0: Ball
1-0: Ground out 4-3 (Groundball, 4)
Batting: RHB Alberto Lastaneda 0-0: Called Strike
0-1: Ball
1-1: Fly out, F7 (Flyball, 7S)
Batting: LHB José Martínez 0-0: Called Strike
0-1: Ball
1-1: DOUBLE (Flyball, 8RD)
Batting: LHB António Quintero 0-0: Swinging Strike
0-1: Swinging Strike
0-2: Strikes out swinging
Bottom of the 8th over - 0 run(s), 1 hit(s), 0 error(s), 1 left on base; Myrtle Beach 12 - Westwood 0
TOP OF THE 9TH
Myrtle Beach Mermen batting - Pitching for Westwood Sixshooters : RHP Raúl Colón
Pitching: RHP José Barajas
Batting: RHB Fernando Martínez 0-0: Ball
1-0: Ball
2-0: Fly out, F5 (Line Drive, 5)
Batting: RHB Sal Haynes 0-0: Ball
1-0: Ball
2-0: Foul Ball, location: 2F
2-1: SINGLE (Groundball, 6MD)
Batting: RHB Jimmy Dawson 0-0: Ball
1-0: Ball
2-0: Ball
3-0: Base on Balls
Sal Haynes to second
Batting: RHB Jim Unknown 0-0: Ball
1-0: Grounds into double play, 6-4-3 (Groundball, 6)
Top of the 9th over - 0 run(s), 1 hit(s), 0 error(s), 1 left on base; Myrtle Beach 12 - Westwood 0
BOTTOM OF THE 9TH
Westwood Sixshooters batting - Pitching for Myrtle Beach Mermen : RHP Tom McKee
Batting: LHB Juan Romero 0-0: Called Strike
0-1: Foul Ball, location: 2F
0-2: Ball
1-2: Foul Ball, location: 2F
1-2: Ball
2-2: Foul Ball, location: 2F
2-2: Foul Ball, location: 2F
2-2: Fly out, F4 (Line Drive, 4)
Batting: RHB Steve Bock 0-0: Ground out 4-3 (Groundball, 4M)
Batting: LHB Mitchell Cusimano 0-0: Ball
1-0: Fly out, F9 (Line Drive, 89M)
Bottom of the 9th over - 0 run(s), 0 hit(s), 0 error(s), 0 left on base; Myrtle Beach 12 - Westwood 0
Monday, July 10th, 2017 - OOTP Baseball 17.12 Build 75